AoeStats
← PALITOMAN

Nomad

509352008Analyzed
4v4 RM · 6d ago on Sep 26, 2026· 46m 37s· 8 players
Game mode
Random Map
Map size
231×231
Population
200
Speed
Normal
Resources
Standard
Victory
Conquest
Starting age
Dark Age
Ending age
Imperial Age
RankedLock teamsTeams togetherTeam positionsShared explorationLock speedFull tech treeHidden civsTurbo modeCheats
Victory
Defeat
🇦🇷 Tupi · Argentina
1105
+16
🇮🇳 Khmer · India
1084
+17
🇪🇸 Japanese · Spain
1082
+17
🇻🇳 Teutons · Vietnam
1040
+18
🇨🇳 Malay · China
1143
-19
🇨🇳 Khmer · China
1126
-18
🇨🇦 Huns · Canada
1077
-16
🇨🇦 Vikings · Canada
1042
-15
Makaveli
3:08 Loom
15:57 Feudal Age
16:50 Horse Collar
20:26 Forging
26:02 Castle Age
25:08 Fletching
26:08 Elite Skirmisher
27:52 Bodkin Arrow
28:45 Wheelbarrow
AB14
15:21 Feudal Age
14:25 Loom
16:50 Loom
26:15 Fletching
27:48 Double-Bit Axe
31:50 Castle Age
29:46 Stone Mining
36:42 Gold Mining
SkullBump
4:41 Loom
15:06 Feudal Age
19:11 Castle Age
17:10 Fishing Lines
17:30 Double-Bit Axe
18:29 Stone Mining
18:30 Gold Mining
19:10 Gold Mining
19:23 Gillnets
20:29 Forging
23:19 Iron Casting
24:23 Arson
26:10 Squires
29:08 Bow Saw
29:21 Fletching
35:46 Imperial Age
34:38 Wheelbarrow
34:08 Bodkin Arrow
36:06 Conscription
35:46 Forced Levy
36:44 Hand Cart
37:44 Blast Furnace
37:33 Stone Shaft Mining
37:33 Gold Shaft Mining
36:22 Man-at-Arms
37:43 Medium Warships
36:53 Demolition Ship
37:36 Bracer
37:38 Thalassocracy
37:47 Long Swordsman
37:48 Pikeman
39:31 Heavy Warships
38:41 Two-Handed Swordsman
40:58 Careening
40:58 Clinker Construction
41:10 Ballistics
40:30 Treadmill Crane
43:50 Dry Dock
43:50 Carvel Hull
45:25 Scale Barding Armor
44:43 Pikeman
随机便投
4:10 Loom
14:46 Feudal Age
17:31 Castle Age
15:19 Double-Bit Axe
15:19 Horse Collar
16:41 Fishing Lines
18:14 Wheelbarrow
18:36 Bow Saw
18:31 Gillnets
18:53 Stone Mining
20:10 Gold Mining
25:34 Heavy Plow
26:20 Medium Warships
27:03 Hand Cart
27:38 Gold Shaft Mining
32:16 Imperial Age
30:02 Fletching
30:17 Scale Barding Armor
32:14 Chain Barding Armor
32:43 Tusk Swords
33:27 Stone Shaft Mining
33:30 Crop Rotation
33:50 Murder Holes
34:58 Chemistry
34:06 Siege Engineers
34:22 Ballistics
34:26 Conscription
35:25 Double Crossbow
39:52 Plate Barding Armor
41:11 Elite Ballista Elephant
ELTRAVERO
3:41 Loom
15:56 Feudal Age
16:35 Double-Bit Axe
16:40 Gold Mining
16:46 Gold Mining
17:36 Fishing Lines
20:28 Stone Mining
22:29 Forging
26:23 Castle Age
24:32 Fletching
26:30 Horse Collar
27:35 Bow Saw
28:00 Gold Shaft Mining
28:06 Wheelbarrow
27:27 Bodkin Arrow
27:47 Medium Warships
27:27 Gillnets
30:48 Iron Casting
36:45 Scale Mail Armor
36:45 Padded Archer Armor
40:34 Imperial Age
43:51 Two-Man Saw
43:14 Conscription
45:52 Horse Collar
PALITOMAN
5:13 Loom
15:08 Feudal Age
16:11 Double-Bit Axe
16:59 Fletching
20:47 Castle Age
22:31 Forging
24:07 Bodkin Arrow
27:00 Fishing Lines
27:47 Ballistics
32:38 Scale Mail Armor
33:57 Gillnets
34:49 Wheelbarrow
35:37 Arson
37:30 Chain Mail Armor
40:03 Iron Casting
43:21 Imperial Age
43:28 Bow Saw
45:07 Blast Furnace
44:38 Plate Mail Armor
46:37 Elite Samurai
newats2007
4:20 Loom
12:37 Feudal Age
18:31 Castle Age
26:27 Imperial Age
25:34 Double-Bit Axe
37:54 Light Cavalry
38:44 Bloodlines
38:36 Husbandry
tiendungcsdt6879
6:17 Loom
14:34 Feudal Age
25:03 Fletching
27:25 Castle Age
25:46 Double-Bit Axe
25:42 Horse Collar
25:54 Gold Mining
25:56 Stone Mining
32:48 Forging
32:44 Scale Barding Armor
33:53 Bloodlines
36:18 Wheelbarrow
Connection lost

Rejoining the realm…

Still unreachable

The connection could not be restored.

Session expired

The server has moved on; the page needs a fresh start.